 Dungeon Crawl Stone Soup version 0.24-a0-70-gf44d0c5 (webtiles) character file.

Game seed: 7447469257348657335

13706 Kairos the Basher (level 11, 0/87 HPs)
             Began as a Demonspawn Gladiator on Feb 6, 2019.
             Was an Elder of Makhleb.
             Killed from afar by a hell hound (16 damage)
             ... with a blast of flame
             ... in a volcano.
             The game lasted 00:31:51 (13982 turns).

Kairos the Basher (Demonspawn Gladiator)           Turns: 13982, Time: 00:31:52

Health: 0/87       AC: 23    Str: 17    XL:     11   Next: 79%
Magic:  12/12      EV: 13    Int: 11    God:    Makhleb [****..]
Gold:   773        SH:  0    Dex: 14    Spells: 9/10 levels left

rFire    . . .     SeeInvis .   R - +0 battleaxe (drain)
rCold    . . .     Gourm    .   (shield currently unavailable)
rNeg     + . .     Faith    .   K - +1 scale mail {rN+}
rPois    .         Spirit   .   h - +0 helmet
rElec    .         Reflect  .   T - +0 cloak
rCorr    .         Harm     .   (gloves unavailable)
MR       .....                  (no boots)
Stlth    +.........             (no amulet)
HPRegen  0.24/turn              u - +5 ring of protection
MPRegen  0.13/turn              (no ring)

@: weakened, sanguine armour, studying Armour
A: claws 3, demonic guardian 1, sanguine armour 1
a: Minor Destruction, Lesser Servant of Makhleb, Major Destruction, Renounce
Religion


You were in a volcano.
You worshipped Makhleb.
Makhleb was greatly pleased with you.
You were not hungry.

You visited 3 branches of the dungeon, and saw 15 of its levels.
You also visited: Ossuary and Volcano.

You collected 773 gold pieces.

Inventory:

Hand Weapons
 j - a +1 trident of protection
 q - a +1 whip
 t - a +4 mace of draining
 H - a +3 longbow
 J - a +1 vampiric war axe
 R - a +0 battleaxe of draining (weapon)
Missiles
 b - 8 tomahawks
 d - 8 throwing nets (quivered)
Armour
 a - a +0 chain mail
 c - a +0 helmet
 g - a +0 ring mail
 h - a +0 helmet (worn)
 I - a +0 leather armour of cold resistance
 K - a +1 scale mail of positive energy (worn)
 T - a +0 cloak (worn)
Jewellery
 u - a +5 ring of protection (left claw)
 S - an uncursed ring of ice
Wands
 n - a wand of polymorph (13)
 z - a wand of flame (28)
 M - a wand of random effects (15)
 Q - a wand of acid (9)
 W - a wand of digging (6)
Scrolls
 e - 3 scrolls of blinking
 l - a scroll of immolation {unknown}
 m - 2 scrolls of fear {unknown}
 o - 5 scrolls of amnesia {unknown}
 p - 3 scrolls of enchant armour {unknown}
 s - 3 scrolls of teleportation {unknown}
 v - 7 scrolls of remove curse
 w - 3 scrolls of identify
 y - 4 scrolls of random uselessness {unknown}
 D - 3 scrolls of enchant weapon
 N - a scroll of noise {unknown}
 P - a scroll of vulnerability {unknown}
 Z - a scroll of magic mapping
Potions
 i - 3 potions of heal wounds {unknown}
 k - 2 potions of might {unknown}
 r - 9 potions of curing
 x - a potion of agility {unknown}
 B - 2 potions of brilliance {unknown}
 C - 3 potions of invisibility
 E - a potion of haste {unknown}
 F - a potion of lignification
 G - a potion of flight {unknown}
 L - 2 potions of magic {unknown}
 O - 2 potions of cancellation {unknown}
 U - 2 potions of resistance {unknown}
 V - 3 potions of degeneration {unknown}
 Y - 2 potions of mutation {unknown}
Books
 A - a manual of Armour
Miscellaneous
 X - a fan of gales
Comestibles
 f - 21 rations


   Skills:
 + Level 8.6 Fighting
 + Level 7.7(10.0) Axes
 + Level 10.1(11.1) Maces & Flails
 + Level 1.9 Throwing
 + Level 9.9 Armour
 + Level 6.2 Dodging
 + Level 2.0 Stealth
 + Level 1.9 Invocations


You had 9 spell levels left.
You knew the following spells:

 Your Spells              Type           Power        Failure   Level  Hunger
a - Confusing Touch       Hex            #.....       67%         1    ##.....

Your spell library contained the following spells:

 Spells                   Type           Power        Failure   Level  Hunger
 Corona                   Hex            #......      67%         1    ##.....
 Ensorcelled Hibernation  Hex/Ice        #.....       82%         2    ###....
 Slow                     Hex            #.......     82%         2    ###....
 Confuse                  Hex            #.......     96%         3    ####...
 Dazzling Spray           Conj/Hex       #.....       96%         3    ####...
 Gell's Gravitas          Tloc           #.........   96%         3    ####...
 Inner Flame              Hex/Fire       #.......     96%         3    ####...
 Portal Projectile        Hex/Tloc       #.....       96%         3    ####...
 Tukima's Dance           Hex            #.......     96%         3    ####...
 Cause Fear               Hex            #.........   100%        4    #####..
 Leda's Liquefaction      Hex/Erth       #.........   100%        4    #####..
 Petrify                  Tmut/Erth      #.......     100%        4    #####..
 Metabolic Englaciation   Hex/Ice        #.........   100%        5    ######.
 Yara's Violent Unravell  Hex/Tmut       #.........   100%        5    ######.


Dungeon Overview and Level Annotations

Branches:
Dungeon (12/15)            Temple (1/1) D:6            Lair (2/6) D:11
  Snake (0/4) Lair:2          Orc (0/2) D:11
  Swamp: Lair:2-4    Shoals: Lair:2-4

Altars:
Ashenzari
Cheibriados
Elyvilon
Fedhas
Gozag
Hepliaklqana
Kikubaaqudgha
Makhleb
Nemelex Xobeh
Okawaru
Qazlal
Ru
Sif Muna
Trog
Uskayaw
Vehumet
Wu Jian
Xom
Zin
The Shining One

Annotations:
D:8 1 runed translucent door, poirepourri's ghost, novice SpEn


Innate Abilities, Weirdness & Mutations

You have claws for hands.
A weak demonic guardian rushes to your aid.
When seriously injured, your bleeding wounds create armour. (AC +6)


Message History

You hit the orange demon.
The orange demon stings you but does no damage.
The orange demon hits you.
You feel your attacks grow feeble. The sun demon closely misses you.
You closely miss the sun demon. You hit the orange demon.
The sun demon hits you!!
* * * LOW HITPOINT WARNING * * *
You are engulfed in flames!
* * * LOW HITPOINT WARNING * * *
The orange demon barely misses you.
The orange demon hits you but does no damage.
You hit the orange demon.
The orange demon is severely wounded.
You hit the sun demon but do no damage. The sun demon closely misses you.
The hell hound breathes flames at you.
The blast of flame hits the hell hound.
The hell hound completely resists.
The blast of flame hits the sun demon.
The sun demon completely resists.
The blast of flame hits you!
You die...

≈≈§≈§≈≈≈≈≈≈≈≈≈≈§≈≈§§≈≈§≈
§≈§≈≈§≈≈≈≈§≈§≈§§§§§≈≈≈§§
§≈≈≈§§§§.≈≈≈≈§§§§§≈≈≈≈§§
≈≈§§§§≈S.≈§.≈§≈≈S§.≈≈.≈.
§≈≈≈≈≈S......§..........
§≈≈≈≈≈≈.########+#######
§≈≈≈≈≈..# #.# ≈§§≈≈≈..# #4#
≈≈§≈≈≈≈.# #@# ≈≈≈≈≈§§.# #3#
≈≈≈≈§§≈.######.#h#
§≈≈≈§§§§#......#h# §
§≈≈§§§°.###++###'# b§ ≈≈○°°≈○.#
... ≈≈≈ ≈≈○°○°≈°# .8_8. ≈§§§
○≈☼○○○○○# +.....+ .≈≈≈≈
§§≈≈≈§≈.#################§≈≈§≈≈


You could see a sun demon, an orange demon and 2 hell hounds.

Vanquished Creatures
  Snorg (D:11)
  Harold (D:7)
  A two-headed ogre (D:9)
  An unseen horror (D:9)
  An ugly thing (Volcano)
  A black mamba (Lair:1)
  Joseph (D:7)
  2 spiny frogs (Lair:1)
  A hornet (D:9)
  2 trolls (D:9)
  A hippogriff (D:11)
  Sigmund (D:6)
  A spriggan (D:8)
  10 yaks
  A wraith (D:11)
  A steam dragon (D:9)
  3 hungry ghosts
  3 water moccasins
  2 hell hounds (Lair:2)
  2 porcupines (Lair:1)
  A black bear (D:9)
  3 orc warriors
  2 ice beasts
  3 sky beasts
  8 ogres
  A phantom (D:11)
  4 wolves (Lair:1)
  5 centaurs
  2 crocodiles
  6 bullfrogs
  2 water moccasin zombies
  A wyvern zombie (D:11)
  A scorpion (D:9)
  A water moccasin skeleton (D:7)
  8 wights
  4 howler monkeys
  A lava snake (Volcano)
  A crimson imp (D:7)
  A quasit (D:11)
  A hound (D:10)
  4 orc priests
  2 jellies
  5 orc wizards
  3 iguanas
  6 worker ants
  4 big kobold zombies (Ossuary)
  3 mummies
  Robin (D:3)
  A worker ant zombie (D:5)
  A howler monkey zombie (D:7)
  3 adders
  13 gnolls
  A river rat (D:3)
  4 shadow imps
  An adder skeleton (D:8)
  4 adder zombies (Ossuary)
  7 worms
  A dart slug (D:3)
  10 leopard geckos
  36 orcs
  3 ball pythons
  10 bats
  6 giant cockroaches
  18 goblins
  7 hobgoblins
  11 jackals
  4 quokkas
  A frilled lizard (D:5)
  2 gnoll zombies (Ossuary)
  12 hobgoblin zombies (Ossuary)
  8 kobolds
  5 kobold zombies (Ossuary)
  2 leopard gecko skeletons
  5 orc zombies (Ossuary)
  2 quokka skeletons
  A quokka zombie (D:5)
  14 rats
314 creatures vanquished.

Vanquished Creatures (collateral kills)
  A hydra (D:10)
  A two-headed ogre (D:9)
  A yak (Lair:1)
  A black bear (D:9)
  A phantom (D:4)
  A centaur (D:10)
  2 wolves (Lair:1)
  A bullfrog (D:8)
  A howler monkey (D:8)
  A crimson imp (D:6)
  A hound (D:9)
  2 orc priests
  An orc wizard (D:5)
  A worker ant (D:9)
  An ooze (D:4)
  An adder zombie (Ossuary)
  A leopard gecko (D:10)
  3 orcs
  A goblin (D:3)
23 creatures vanquished.

Vanquished Creatures (others)
  A human (D:3)
  6 plants (D:8)
7 creatures vanquished.

Grand Total: 344 creatures vanquished

Notes
Turn   | Place    | Note
-------+----------+-------------------------------------------
     0 | D:1      | Kairos the Demonspawn Gladiator began the quest for the
                  | Orb.
     0 | D:1      | Reached XP level 1. HP: 16/16 MP: 1/1
   307 | D:1      | Reached skill level 3 in Maces & Flails
   307 | D:1      | Gained mutation: When seriously injured, your bleeding
                  | wounds create armour. (AC +6) [demonic ancestry]
   307 | D:1      | Reached XP level 2. HP: 22/22 MP: 2/2
   820 | D:1      | Gained mutation: You have sharp fingernails. [demonic
                  | ancestry]
   820 | D:1      | Reached XP level 3. HP: 27/27 MP: 3/3
  1692 | D:2      | Reached XP level 4. HP: 32/33 MP: 4/4
  1826 | D:2      | Reached skill level 4 in Maces & Flails
  1865 | D:3      | Reached skill level 1 in Armour
  1935 | D:3      | Found an ancient bone altar of Kikubaaqudgha.
  1951 | D:3      | Noticed a human
  1952 | D:3      | Killed a human
  2041 | D:3      | Learned a level 1 spell: Confusing Touch
  2157 | D:3      | Gained mutation: A weak demonic guardian rushes to your
                  | aid. [demonic ancestry]
  2157 | D:3      | Reached XP level 5. HP: 4/39 MP: 5/5
  2329 | D:3      | HP: 1/39 [orc priest/divine providence (12)]
  3005 | D:3      | Noticed Robin
  3099 | D:3      | Killed Robin
  3598 | D:3      | Reached XP level 6. HP: 40/47 MP: 6/6
  4194 | D:4      | Found a stormy altar of Qazlal.
  4195 | D:4      | Noticed a water elemental
  4195 | D:4      | Noticed a fire elemental
  4195 | D:4      | Noticed an air elemental
  4465 | D:4      | Reached skill level 5 in Maces & Flails
  4465 | D:4      | Gained mutation: You have very sharp fingernails. [demonic
                  | ancestry]
  4465 | D:4      | Reached XP level 7. HP: 22/53 MP: 7/7
  4892 | D:5      | Entered Level 5 of the Dungeon
  4964 | D:5      | Found a sparkling altar of Nemelex Xobeh.
  5042 | D:5      | Found an iron altar of Okawaru.
  5103 | D:5      | Found an iron altar of Okawaru.
  5911 | D:6      | Reached skill level 6 in Maces & Flails
  6045 | D:6      | Found a blossoming altar of Fedhas.
  6062 | D:6      | Found an ornate altar of the Wu Jian Council.
  6105 | D:6      | Reached XP level 8. HP: 28/61 MP: 8/8
  6486 | D:6      | Noticed Sigmund
  6498 | D:6      | Killed Sigmund
  6653 | D:6      | Found a glowing silver altar of Zin.
  6697 | D:6      | Reached skill level 5 in Fighting
  6697 | D:6      | Reached skill level 7 in Maces & Flails
  6701 | D:6      | Found a staircase to the Ecumenical Temple.
  6764 | Temple   | Entered the Ecumenical Temple
  6912 | Temple   | Became a worshipper of Makhleb the Destroyer
  6989 | D:6      | Found a snail-covered altar of Cheibriados.
  7196 | D:7      | Reached skill level 5 in Armour
  7232 | D:7      | Found a sand-covered staircase.
  7243 | Ossuary  | Entered an ossuary
  7528 | Ossuary  | Reached * piety under Makhleb
  7880 | D:7      | Noticed Joseph
  7898 | D:7      | Killed Joseph
  7898 | D:7      | Reached skill level 8 in Maces & Flails
  7898 | D:7      | Reached XP level 9. HP: 42/68 MP: 9/9
  7932 | D:7      | Noticed Harold
  7955 | D:7      | Killed Harold
  7955 | D:7      | Reached skill level 1 in Stealth
  8450 | D:7      | Reached skill level 9 in Maces & Flails
  8730 | D:8      | Reached ** piety under Makhleb
  8805 | D:8      | Found a runed translucent door.
  8813 | D:8      | Noticed poirepourri's ghost (novice SpEn)
  9061 | D:8      | Reached XP level 10. HP: 77/77 MP: 10/10
  9087 | D:8      | Reached skill level 1 in Axes
  9147 | D:8      | Identified the +8 trident "Vihasynt" {protect, +Fly rN++
                  | Str+5}
  9195 | D:9      | Noticed a moth of wrath
  9198 | D:9      | Found a bloodstained altar of Trog.
  9244 | D:9      | Reached skill level 5 in Dodging
  9930 | D:9      | Noticed a two-headed ogre
  9938 | D:9      | Killed a two-headed ogre
  9972 | D:9      | Noticed a two-headed ogre
 10013 | D:9      | Killed a two-headed ogre
 10013 | D:9      | Reached skill level 1 in Invocations
 10046 | D:9      | Found a white marble altar of Elyvilon.
 10055 | D:9      | Reached *** piety under Makhleb
 10145 | D:9      | Found the +3 giant club "Skullcrusher" {speed, Str+7}
 10262 | D:9      | Paralysed by a hornet for 2 turns
 10275 | D:9      | Reached skill level 10 in Maces & Flails
 10496 | D:10     | Entered Level 10 of the Dungeon
 10653 | D:10     | Noticed an eight-headed hydra
 10666 | D:10     | Killed an eight-headed hydra
 10889 | D:9      | Killed an unseen horror
 10889 | D:9      | Gained mutation: You have claws for hands. [demonic
                  | ancestry]
 10889 | D:9      | Reached XP level 11. HP: 26/85 MP: 12/12
 11662 | D:11     | Noticed Snorg
 11688 | D:11     | Killed Snorg
 11688 | D:11     | Reached skill level 5 in Axes
 11898 | D:11     | Found a staircase to the Orcish Mines.
 11901 | D:11     | Found a staircase to the Lair.
 12312 | Lair:1   | Entered Level 1 of the Lair of Beasts
 12567 | Lair:1   | Reached **** piety under Makhleb
 13478 | Lair:2   | Found a dark tunnel.
 13494 | Volcano  | Entered a volcano
 13963 | Volcano  | Found a bloodstained altar of Trog.
 13963 | Volcano  | Noticed a red ugly thing
 13963 | Volcano  | Noticed a sun demon
 13980 | Volcano  | Killed a red ugly thing
 13982 | Volcano  | Killed from afar by a hell hound

Vault maps used:
D:1:      mainiacjoe_arrival_reflecting_pool, layout_loops_ring,
          grunt_decor_mini_mirrors, minmay_3d_cube
D:2:      layout_basic
D:3:      layout_basic, gup_sewer_entry_spiral, tgw_kikubaaqudgha, uniq_robin
D:4:      layout_cave_pods, nicolae_qazlal_style_of_elements, grunt_ministairs_8
D:5:      layout_loops_ring, nemelex_xobeh_ov_fountains_minmay, kennysheep_mini,
          first_ration, basic_altar
D:6:      layout_loops_ring, kennysheep_mini_moat, slow_altar_2, fedhas_altar_1,
          lemuel_round_altar, minmay_temple_entry_poolview,
          chequers_serial_rivers_large_a, minmay_manual_mares, uniq_sigmund
D:7:      layout_basic, nicolae_ossuary_entry_plus, uniq_harold, uniq_joseph
D:8:      layout_cave_pools, ebering_ghost_funeral_grove, the_bakery,
          minmay_misc_feat_diagonals
D:9:      layout_roguey, tgw_trog, old_standard_altar, hangedman_decor_growths
D:10:     layout_rooms, minmay_misc_feat_cross
D:11:     layout_irregular_city, lair_entry_dummy, orc_0_dummy, uniq_snorg
D:12:     layout_long_grid, enter_trove_5, ebering_ghost_funeral_grove,
          serial_bayou_pond_c, drop_trap, chequers_big_river, fungi_pond_lemuel,
          nooodl_orcs_dogs
Temple:   nicolae_temple_figure_eight
Lair:1:   layout_long_grid
Lair:2:   layout_loops_ring, guppyfry_snake_entry_island, enter_volcano_3,
          wad_woods_01, uniq_urug
Ossuary:  ossuary_tomb_2
Volcano:  volcano_lake [vl_original]

Skill      XL: |  1  2  3  4  5  6  7  8  9 10 11 |
---------------+----------------------------------+-----
Maces & Flails | 3 4 5 6 8 9 10 | 10.1
Dodging        | 3 4 5 6 |  6.2
Armour         | 1 2 3 4 5 7 9 |  9.9
Fighting       | 3 4 5 6 7 8 |  8.6
Stealth        | 1 2 |  2.0
Axes           | 4 7 |  7.7
Invocations    | 1 |  1.9
Throwing       | |  1.9

Action                   |  1- 3 |  4- 6 |  7- 9 | 10-12 || total
-------------------------+-------+-------+-------+-------++-------
Melee: Flail             |   153 |       |       |       ||   153
       Whip              |       |   348 |       |       ||   348
       Mace              |       |    67 |   410 |   133 ||   610
       War axe           |       |       |    45 |    61 ||   106
       Battleaxe         |       |       |       |   246 ||   246
Invok: Lesser Servant of |       |       |       |     4 ||     4
       Minor Destruction |       |       |       |     3 ||     3
  Use: Scroll            |       |     6 |     2 |     2 ||    10
       Potion            |       |       |       |     2 ||     2
 Stab: Distracted        |       |     1 |     3 |     2 ||     6
       Invisible         |       |       |       |     1 ||     1
  Eat: Chunk             |     3 |     9 |    11 |    13 ||    36
       Ration            |       |       |     3 |     4 ||     7
Armor: Leather armour    |     1 |       |       |       ||     1
       Ring mail         |    77 |    79 |   107 |       ||   263
       Chain mail        |       |   132 |       |       ||   132
       Scale mail        |       |       |    56 |   430 ||   486
Dodge: Dodged            |   137 |   198 |   249 |   457 ||  1041

Table legend:
 A = Non-vault XP
 B = Vault XP
 C = Vault XP percentage of total XP
 D = Non-vault monster count
 E = Vault monster count
 F = Vault count percentage of total count
                 A         B        C        D         E       F
            +---------+---------+-------+---------+---------+-------
      Total |   15294 |    4286 |  21.9 |     260 |      76 |  22.6
            +---------+---------+-------+---------+---------+-------
        D:1 |      51 |      12 |  19.0 |      29 |       7 |  19.4
        D:2 |      52 |       0 |   0.0 |      15 |       0 |   0.0
        D:3 |     211 |      68 |  24.4 |      35 |      16 |  31.4
        D:4 |     318 |      86 |  21.3 |      20 |       1 |   4.8
        D:5 |     489 |       0 |   0.0 |      23 |       0 |   0.0
        D:6 |     500 |     428 |  46.1 |      11 |       4 |  26.7
        D:7 |     671 |    1355 |  66.9 |      14 |       2 |  12.5
        D:8 |    1302 |     220 |  14.5 |      19 |       1 |   5.0
        D:9 |    4410 |       5 |   0.1 |      31 |       5 |  13.9
       D:10 |    1146 |       0 |   0.0 |      13 |       0 |   0.0
       D:11 |    3053 |     997 |  24.6 |      32 |       1 |   3.0
     Lair:1 |    2990 |       0 |   0.0 |      17 |       0 |   0.0
     Lair:2 |     101 |     296 |  74.6 |       1 |       2 |  66.7
    Ossuary |       0 |     251 | 100.0 |       0 |      35 | 100.0
    Volcano |       0 |     568 | 100.0 |       0 |       2 | 100.0
            +---------+---------+-------+---------+---------+-------
